 Dungeon Crawl Stone Soup version 0.28.0-53-g5a82cb258f (webtiles) character file.

Game seed: 1720375737552696424

831035 MiltankisOP the Worldbinder (level 27, 0/179 HPs)
             Began as an Octopode Transmuter on July 11, 2022.
             Was a High Priest of Ashenzari.
             Slain by an Executioner (22 damage)
             ... in Pandemonium.
             The game lasted 05:02:42 (107450 turns).

MiltankisOP the Worldbinder (Octopode Transmuter) Turns: 107450, Time: 05:02:43

Health: 0/179      AC: 14    Str: 14    XL:     27
Magic:  23/40      EV: 67    Int: 23    God:    Ashenzari [*****.]
Gold:   9285       SH:  5    Dex: 30    Spells: 17/62 levels left

rFire   + + .      SeeInvis +     - Unarmed
rCold   + + +      Faith    .   (shield currently unavailable)
rNeg    + + +      Spirit   .   (helmet currently unavailable)
rPois   .          Reflect  +   Z - amulet "All-seeing Anxiety" {Reflect rPois Str-2 Int-4 Dex+10 SH+5, Alch, Elem} (curse)
rElec   +          Harm     .   u - ring of the Ensconced Sorrow {Fly rCorr AC+4 Int+2 SInv, Cun, Self} (curse)
rCorr   +          Rampage  .   v - ring "Fetters of Ashenzari" {rC+++ rN+ Str+8 Dex-4 Stlth-, Comp, Melee} (curse)
Will    ++...      Clarity  +   V - ring of the Celestial Seer {rElec rPois rC+ Int+5, Melee, Alch} (curse)
Stlth   +++++++++.              T - ring "Prison of Ashenzari" {rF+ rC+ rN+ Dex+2, Melee, Comp} (curse)
HPRegen 0.00/turn               I - ring "Ensconced Together" {MP+9, Cun, Self} (curse)
MPRegen 0.27/turn               O - ring "Sibylline the Doldrums" {EV+4, Self, Cun} (curse)
                                U - ring "Planets of the Sky" {AC+4, Elem, Self} (curse)
                                W - ring of the Mantic Skepticism {rF+ rN+ AC+4 Int+2 Dex+2, Self, Cun} (curse)

@: spider-form, flayed, calling dragons, flying, inhibited regen, studying
Stealth, unable to read
A: venomous fangs, almost no armour, (amphibious), 8 rings, tiny, (camouflage
1), (gelatinous body 1), (nimble swimmer 1), (tentacles), berserk 1, clumsy 2,
deterioration 2, dopey 1, frail 2, low MP 3, screaming 2, inhibited
regeneration, weak 2, no potion heal 2, subdued magic 2, inability to read while
threatened
}: 6/15 runes: barnacled, slimy, silver, abyssal, demonic, gossamer
a: End Transformation, Renounce Religion, Curse Item, Shatter the Chains


You were in Pandemonium.
You worshipped Ashenzari.
Ashenzari was extremely pleased with you.
You were a venomous arachnid creature.
You visited 11 branches of the dungeon, and saw 54 of its levels.
You visited Pandemonium 1 time, and saw 11 of its levels.
You visited the Abyss 7 times.
You visited 1 bazaar.
You also visited: Sewer, Bailey, Wizlab and Desolation.

You collected 11266 gold pieces.
You spent 1981 gold pieces at shops.

Inventory:

Missiles
 c - 8 javelins
 g - 8 throwing nets (quivered)
 j - 24 silver javelins
 w - 2 atropa-tipped darts
 F - 17 curare-tipped darts
Armour
 p - a +2 hat (melded)
 B - the cursed +5 buckler of the Eternal Visionary (melded) {Will+ Int+5, Melee, Self}
   (You found it on level 5 of the Pits of Slime)

   Int:       It affects your intelligence (+5).
   Will:      It increases your willpower.
   It has a curse which improves the following skills: Melee Combat: Short
   Blades, Long Blades, Axes, Maces & Flails, Polearms, Staves and Unarmed
   Combat.
   Introspection: Fighting and Spellcasting.
 M - +0 shadow dragon scales
Jewellery
 i - a +4 ring of protection
 k - the ring of Creativity {rN+ Str-4 Int+3 Dex+2 Slay+4}
   (You found it on level 3 of the Depths)

   [ring of slaying]

   Str:       It affects your strength (-4).
   Int:       It affects your intelligence (+3).
   Dex:       It affects your dexterity (+2).
   Slay:      It affects your accuracy & damage with ranged weapons and melee
   (+4).
   rN:        It protects you from negative energy.
 u - the cursed ring of the Ensconced Sorrow (left front leg) {Fly rCorr AC+4 Int+2 SInv, Cun, Self}
   (You took it off an orc warrior on level 5 of the Vaults)

   [ring of protection]

   AC:        It affects your AC (+4).
   Int:       It affects your intelligence (+2).
   SInv:      It lets you see invisible.
   Fly:       It grants you flight.
   rCorr:     It protects you from acid and corrosion.
   It has a curse which improves the following skills: Cunning: Dodging and
   Stealth.
   Introspection: Fighting and Spellcasting.
 v - the cursed ring "Fetters of Ashenzari" (right front leg) {rC+++ rN+ Str+8 Dex-4 Stlth-, Comp, Melee}
   (You found it on level 2 of the Depths)

   [ring of positive energy]

   Str:       It affects your strength (+8).
   Dex:       It affects your dexterity (-4).
   rC:        It renders you almost immune to cold.
   rN:        It protects you from negative energy.
   Stlth:     It makes you less stealthy.
   It has a curse which improves the following skills: Companions: Summonings
   and Necromancy.
   Melee Combat: Short Blades, Long Blades, Axes, Maces & Flails, Polearms,
   Staves and Unarmed Combat.
 I - the cursed ring "Ensconced Together" (on tentacle) {MP+9, Cun, Self}
   (You found it on level 10 of the Dungeon)

   [ring of magical power]

   MP:        It affects your magic capacity (+9).
   It has a curse which improves the following skills: Cunning: Dodging and
   Stealth.
   Introspection: Fighting and Spellcasting.
 O - the cursed ring "Sibylline the Doldrums" (on tentacle) {EV+4, Self, Cun}
   (You found it on level 4 of the Lair of Beasts)

   [ring of evasion]

   EV:        It affects your evasion (+4).
   It has a curse which improves the following skills: Introspection: Fighting
   and Spellcasting.
   Cunning:   Dodging and Stealth.
 T - the cursed ring "Prison of Ashenzari" (on tentacle) {rF+ rC+ rN+ Dex+2, Melee, Comp}
   (You acquired it on level 2 of the Elven Halls)

   [ring of protection from cold]

   Dex:       It affects your dexterity (+2).
   rF:        It protects you from fire.
   rC:        It protects you from cold.
   rN:        It protects you from negative energy.
   It has a curse which improves the following skills: Melee Combat: Short
   Blades, Long Blades, Axes, Maces & Flails, Polearms, Staves and Unarmed
   Combat.
   Companions: Summonings and Necromancy.
 U - the cursed ring "Planets of the Sky" (on tentacle) {AC+4, Elem, Self}
   (You found it on level 12 of the Dungeon)

   [ring of protection]

   AC:        It affects your AC (+4).
   It has a curse which improves the following skills: Elements: Fire Magic, Ice
   Magic, Air Magic and Earth Magic.
   Introspection: Fighting and Spellcasting.
 V - the cursed ring of the Celestial Seer (on tentacle) {rElec rPois rC+ Int+5, Melee, Alch}
   (You found it in the Desolation of Salt)

   [ring of protection from cold]

   Int:       It affects your intelligence (+5).
   rC:        It protects you from cold.
   rElec:     It insulates you from electricity.
   rPois:     It protects you from poison.
   It has a curse which improves the following skills: Melee Combat: Short
   Blades, Long Blades, Axes, Maces & Flails, Polearms, Staves and Unarmed
   Combat.
   Alchemy:   Poison Magic and Transmutations.
 W - the cursed ring of the Mantic Skepticism (on tentacle) {rF+ rN+ AC+4 Int+2 Dex+2, Self, Cun}
   (You bought it in a shop on level 13 of the Dungeon)

   [ring of protection]

   AC:        It affects your AC (+4).
   Int:       It affects your intelligence (+2).
   Dex:       It affects your dexterity (+2).
   rF:        It protects you from fire.
   rN:        It protects you from negative energy.
   It has a curse which improves the following skills: Introspection: Fighting
   and Spellcasting.
   Cunning:   Dodging and Stealth.
 Z - the cursed amulet "All-seeing Anxiety" (around neck) {Reflect rPois Str-2 Int-4 Dex+10 SH+5, Alch, Elem}
   (You found it on level 1 of the Depths)

   [amulet of reflection]

   It reflects blocked missile attacks.
   Str:       It affects your strength (-2).
   Int:       It affects your intelligence (-4).
   Dex:       It affects your dexterity (+10).
   rPois:     It protects you from poison.
   SH:        It affects your SH (+5).
   It has a curse which improves the following skills: Alchemy: Poison Magic and
   Transmutations.
   Elements:  Fire Magic, Ice Magic, Air Magic and Earth Magic.
Wands
 z - a wand of mindburst (17)
 A - a wand of digging (17)
 C - a wand of flame (90)
 K - a wand of iceblast (20)
 X - a wand of acid (18)
Scrolls
 b - 9 scrolls of fear
 f - 7 scrolls of silence
 n - 7 scrolls of amnesia
 s - a scroll of brand weapon
 t - 7 scrolls of enchant armour
 x - 20 scrolls of magic mapping
 y - 12 scrolls of fog
 G - 20 scrolls of teleportation
 H - 10 scrolls of blinking
 L - 3 scrolls of enchant weapon
 Q - 4 scrolls of holy word
 Y - 4 scrolls of summoning
Potions
 a - 15 potions of heal wounds
 d - 13 potions of brilliance
 e - 29 potions of curing
 h - 2 potions of cancellation
 l - 9 potions of ambrosia
 m - 6 potions of mutation
 o - 5 potions of invisibility
 q - 13 potions of might
 r - a potion of magic
 D - 5 potions of haste
 J - 6 potions of resistance
 N - 5 potions of berserk rage


   Skills:
 - Level 22.0(27) Fighting
 - Level 6.6 Bows
 - Level 7.9 Throwing
 - Level 23.6(27) Dodging
 - Level 18.9(24.1) Stealth
 - Level 23.0(27) Unarmed Combat
 - Level 11.7(18.1) Spellcasting
 - Level 24.0(27) Summonings
 - Level 22.6 Translocations
 + Level 18.7(21.9) Transmutations
 - Level 10.5(14.0) Ice Magic
 - Level 4.7(8.0) Earth Magic
 - Level 4.0(7.1) Poison Magic


You had 17 spell levels left.
You knew the following spells:

 Your Spells              Type           Power      Damage    Failure   Level
a - Beastly Appendage     Tmut           100%       N/A       1%          1
b - Spider Form           Tmut/Pois      53%        N/A       1%          3
c - Ozocubu's Armour      Ice            52%        N/A       1%          3
d - Irradiate             Conj/Tmut      22%        3d21      2%          5
e - Dragon Form           Tmut           33%        N/A       1%          7
f - Manifold Assault      Tloc           67%        N/A       1%          5
h - Dragon's Call         Summ           37%        N/A       8%          9
i - Ozocubu's Refrigerat  Ice            26%        4d10      13%         7
j - Freezing Cloud        Conj/Ice/Air   13%        6-21      17%         5

Your spell library contained the following spells:

 Spells                   Type           Power      Damage    Failure   Level
 Apportation              Tloc           100%       N/A       1%          1
 Freeze                   Ice            100%       1d11      1%          1
 Sandblast                Erth           72%        2d16      1%          1
 Sting                    Tmut/Pois      100%       1d8       1%          1
 Summon Small Mammal      Summ           100%       N/A       1%          1
 Blink                    Tloc           100%       N/A       1%          2
 Call Imp                 Summ           74%        N/A       1%          2
 Ensorcelled Hibernation  Hex/Ice        66%        N/A       1%          2
 Passwall                 Tmut/Erth      45%        N/A       1%          2
 Wereblood                Tmut           66%        N/A       1%          2
 Call Canine Familiar     Summ           74%        N/A       1%          3
 Frozen Ramparts          Ice            100%       1d12      1%          3
 Gell's Gravitas          Tloc           67%        N/A       1%          3
 Ignite Poison            Fire/Tmut/Pois 41%        N/A       1%          3
 Lesser Beckoning         Tloc           67%        N/A       1%          3
 Portal Projectile        Hex/Tloc       90%        N/A       1%          3
 Summon Guardian Golem    Hex/Summ       51%        N/A       1%          3
 Ice Form                 Ice/Tmut       59%        N/A       1%          4
 Iskenderun's Mystic Bla  Conj/Tloc      45%        2d10      1%          4
 Passage of Golubria      Tloc           67%        N/A       1%          4
 Petrify                  Tmut/Erth      54%        N/A       1%          4
 Summon Ice Beast         Ice/Summ       64%        N/A       1%          4
 Summon Lightning Spire   Summ/Air       51%        N/A       1%          4
 Alistair's Intoxication  Tmut/Pois      35%        N/A       1%          5
 Blade Hands              Tmut           33%        N/A       1%          5
 Summon Forest            Summ/Tloc      35%        N/A       1%          5
 Summon Cactus Giant      Summ           37%        N/A       1%          6
 Malign Gateway           Summ/Tloc      35%        N/A       1%          7
 Summon Hydra             Summ           37%        N/A       1%          7
 Summon Horrible Things   Summ           37%        N/A       1%          8
 Poisonous Vapours        Pois/Air       48%        N/A       2%          2
 Yara's Violent Unravell  Hex/Tmut       22%        3d10      2%          5
 Eringya's Noxious Bog    Tmut/Pois      26%        N/A       2%          6
 Statue Form              Tmut/Erth      36%        N/A       2%          6
 Stone Arrow              Conj/Erth      48%        3d10      3%          3
 Hailstorm                Conj/Ice       33%        3d8       3%          4
 Olgreb's Toxic Radiance  Pois           33%        N/A       3%          4
 Disjunction              Tloc           33%        N/A       4%          8
 Foxfire                  Conj/Fire      52%        2x1d6     5%          1
 Shock                    Conj/Air       52%        1d6       5%          1
 Magic Dart               Conj           52%        1d5       6%          1
 Slow                     Hex            52%        N/A       6%          1
 Mephitic Cloud           Conj/Pois/Air  20%        N/A       6%          3
 Lee's Rapid Deconstruct  Erth           18%        3d12*     6%          5
 Corpse Rot               Necr/Air       28%        N/A       7%          2
 Scorch                   Fire           28%        2d6       7%          2
 Static Discharge         Conj/Air       13%        N/A       7%          2
 Sublimation of Blood     Necr           14%        N/A       7%          2
 Searing Ray              Conj           26%        2d5       8%          2
 Metabolic Englaciation   Hex/Ice        16%        N/A       8%          5
 Leda's Liquefaction      Hex/Erth       12%        N/A       10%         4
 Swiftness                Air            14%        N/A       12%         3
 Vampiric Draining        Necr           14%        2d7       12%         3
 Conjure Flame            Conj/Fire      13%        6-21      13%         3
 Inner Flame              Hex/Fire       13%        N/A       13%         3
 Confusing Touch          Hex            13%        N/A       14%         3
 Dazzling Flash           Conj/Hex       26%        N/A       14%         3
 Tukima's Dance           Hex            13%        N/A       14%         3
 Borgnjor's Vile Clutch   Necr/Erth      12%        N/A       21%         5
 Simulacrum               Ice/Necr       16%        N/A       30%         6
 Airstrike                Air            7%         N/A       32%         4
 Dispel Undead            Necr           14%        3d10      32%         4
 Storm Form               Tmut/Air       22%        N/A       32%         7
 Anguish                  Hex/Necr       6%         N/A       34%         4
 Flame Wave               Conj/Fire      13%        2d6       34%         4
 Sticky Flame             Conj/Fire      13%        2d4       34%         4
 Cause Fear               Hex            6%         N/A       36%         4
 Fulminant Prism          Conj/Hex       6%         3d7       36%         4
 Agony                    Necr           14%        N/A       63%         5
 Excruciating Wounds      Necr           7%         N/A       63%         5
 Fireball                 Conj/Fire      6%         3d5       65%         5
 Lightning Bolt           Conj/Air       6%         1d18      65%         5
 Silence                  Hex/Air        6%         N/A       65%         5
 Iskenderun's Battlesphe  Conj           13%        2d7       69%         5
 Necromutation            Tmut/Necr      22%        N/A       91%         8
 Conjure Ball Lightning   Conj/Air       6%         3x3d6     99%         6
 Starburst                Conj/Fire      6%         6d4       99%         6
 Enfeeble                 Hex            6%         N/A       100%        7
 Orb of Destruction       Conj           6%         9d6       100%        7
 Borgnjor's Revivificati  Necr           7%         N/A       100%        8
 Discord                  Hex            6%         N/A       100%        8
 Ignition                 Fire           7%         3d4       100%        8
 Lehudib's Crystal Spear  Conj/Erth      12%        10d4      100%        8
 Maxwell's Capacitive Co  Air            7%         ∞         100%        8
 Polar Vortex             Ice            26%        N/A       100%        9


Dungeon Overview and Level Annotations

Branches:
Dungeon (15/15)            Temple (1/1) D:6            Lair (6/6) D:11
 Shoals (4/4) Lair:3       Spider (4/4) Lair:4        Slime (5/5) Lair:5
    Orc (2/2) D:9             Elf (3/3) Orc:2        Vaults (5/5) D:14
  Crypt (0/3) Vaults:2     Depths (4/4) D:15            Zot (5/5) Depths:4
  Sewer (visited)          Bailey (visited)          WizLab (visited)
Desolation (visited)

Altars:
Ashenzari
Cheibriados
Dithmenos
Elyvilon
Fedhas
Gozag
Hepliaklqana
Kikubaaqudgha
Makhleb
Nemelex Xobeh
Okawaru
Qazlal
Ru
Sif Muna
Trog
Uskayaw
Vehumet
Wu Jian
Xom
Yredelemnul
Zin
The Shining One
Beogh
Jiyva
Lugonu

Shops:
D:13 [=*[?   D:14 ((*   D:15 :[[   Orc:1 (   Orc:2 ([*   Elf:2 *   Elf:3 ?
Shoals:2 ((   Vaults:2 (   Depths:1 ([=!   Depths:4 =:=

Portals:
Hell: Depths:1 Depths:2 Depths:3 Depths:4
Abyss: Depths:1 Depths:2 Depths:3
Pandemonium: Depths:2
Ziggurat: Depths:4

Annotations:
D:9 exclusion: two-headed ogre
D:14 exclusion: 2 doors
Pan Gloorx Vloq


Innate Abilities, Weirdness & Mutations

You are a venomous arachnid creature.
You have poisonous fangs.
You are tiny and dextrous.
Your spellcasting is less reliable in this form.
Your armour is entirely melded.
You are incapable of wielding weapons or throwing items.
You cannot wear most types of armour.
((You are amphibious.))
You can wear up to eight rings at the same time.
((Your skin changes colour to match your surroundings (Stealth+).))
((Your rubbery body absorbs attacks. (AC +1, EV +1)))
((You are camouflaged when in or above water. (Stealth+)))
((You have tentacles for arms and can constrict up to eight enemies at once.))
You tend to lose your temper in combat.
You are very clumsy. (Dex -4)
Your body often deteriorates upon taking damage.
You are dopey. (Int -2)
You are very frail. (-20% HP)
Your magical capacity is extremely low. (-30% MP)
You frequently scream uncontrollably at your foes.
You do not regenerate when monsters are visible.
You are very weak. (Str -4)
Potions cannot restore your health.
Your spells are easier to cast, but less powerful.
You sometimes lose the ability to read scrolls when taking damage.


Message History

The Executioner misses your quicksilver dragon.
The Executioner hits your quicksilver dragon but does no damage.
The Executioner hits your quicksilver dragon.
Your quicksilver dragon is engulfed in dark miasma.
Your quicksilver dragon is poisoned.
Your quicksilver dragon seems to slow down.
Your quicksilver dragon breathes dispelling energy at the Executioner.
The bolt of dispelling energy hits the Executioner!!
The Executioner's magical effects unravel!
The bolt of dispelling energy misses the jiangshi.
Something closely misses your shadow dragon.
Your shadow dragon closely misses the spriggan defender zombie. x2
Your shadow dragon claws the spriggan defender zombie!
The Executioner barely misses you. x2; You block the Executioner's attack.
The Executioner gestures.
The Executioner seems to speed up.
The Executioner completely misses you. x2
The Executioner misses you. The Executioner completely misses you.
You block the Executioner's attack. The Executioner closely misses you.
Your quicksilver dragon is engulfed in dark miasma.
Your quicksilver dragon looks even sicker.
Your quicksilver dragon seems to slow down.
Your quicksilver dragon misses the Executioner.
Your quicksilver dragon claws the Executioner!
A dragon arrives to answer your call!
The Executioner gives a hideous shriek!
The Executioner completely misses you. x6; The Executioner hits you!
* * * LOW HITPOINT WARNING * * *
The Executioner completely misses you. x2
Your quicksilver dragon is engulfed in dark miasma.
Your quicksilver dragon looks even sicker.
Your quicksilver dragon seems to slow down.
The Executioner completely misses you. You block the Executioner's attack.
The Executioner completely misses you.
You cannot be healed by potions.
You cannot be healed by potions.
Magic courses through your body.
The Executioner completely misses you. x2
The Executioner hits you.
* * * LOW HITPOINT WARNING * * *
The Executioner hits you!!
You die...

* *
#.#.#.3...#.#W# *
** ,* * *
#.#.#{..#.#D# * ,
* * *
,#{#.Z...#Z#{* *,
* * , ,
,#{#{zV#{#{ * **
*, , #**, ,
{#{{{{.#{ ,* , ,
..####.#1#V{3#.#{
* **
.....#####Z{.###*
#......1##○''##..
,, *
#...s111&......,*
####111D.....##**
#############


You could see Gloorx Vloq, 8 Executioners, a jiangshi (summoned), a bunyip
zombie (summoned) and a friendly storm dragon (summoned).

Vanquished Creatures
  the Royal Jelly (Slime:5)
  4 dread liches
  4 orbs of fire (Zot:5)
  5 ancient liches
  Mennas (Vaults:4)
  Mara (Shoals:4)
  The ghost of Tylulut the Warrior, a master DjIE of Ashenzari (Depths:2)
  Bai Suzhen (Spider:3)
  The ghost of roke1 the Slayer, a master GrBe of Trog (Zot:5)
  5 Killer Klowns
  7 curse toes
  Xtahua (Vaults:3)
  Frederick (Vaults:2)
  8 pandemonium lords (Pan)
  A caustic shrike (shapeshifter) (Vaults:5)
  Nikola (Shoals:1)
  The ghost of Hiciz the Warrior, an adept DgCj (Depths:2)
  8 golden dragons
  2 profane servitors
  7 bone dragons
  The ghost of quixfox the Executioner, an adept HOFi of Okawaru (Depths:2)
  The ghost of Ewiqu the Executioner, an adept MiBe of Trog (Depths:2)
  The ghost of Uraxtalo the Executioner, an adept MiBe of Trog (Depths:2)
  The ghost of Uraxtalo the Executioner, an adept MiBe of Trog (Depths:2)
  4 electric golems
  3 Brimstone Fiends (Pan)
  A hellephant (Abyss:2)
  The ghost of Nionut the Spry, an adept DsAK of Lugonu (Depths:2)
  2 Tzitzimimeh (Pan)
  Jorgrun (Elf:2)
  Mlioglotl (Spider:3)
  10 liches
  9 Ice Fiends (Pan)
  18 tentacled monstrosities
  7 Hell Sentinels (Pan)
  2 deep elf master archers (Elf:3)
  25 Orb Guardians (Zot:5)
  7 titans
  2 deep elf blademasters (Elf:3)
  3 quicksilver dragons
  27 acid blobs
  A walking divine tome (Depths:3)
  9 death cobs
  10 sphinxes
  An ancient champion (Vaults:2)
  8 shadow dragons
  16 Executioners
  8 tengu reavers
  30 tentacled starspawn
  A thorn hunter (Abyss:3)
  9 storm dragons
  15 azure jellies
  7 rockslimes
  Donald (Shoals:1)
  11 draconian monks
  5 nagarajas
  Roxanne (Elf:3)
  Ilsuiw (Shoals:4)
  15 frost giants
  A daeva (Abyss:5)
  13 demonspawn warmongers (Pan)
  5 draconian knights
  6 iron dragons
  Louise (Shoals:1)
  Aizul (Spider:2)
  8 fire giants
  3 orc warlords
  2 imperial myrmidons (Desolation)
  12 draconian scorchers
  A caustic shrike zombie (Abyss:2)
  19 vault wardens
  8 deep elf sorcerers
  17 cacodemons
  18 balrugs
  10 draconian annihilators
  An angel (Abyss:3)
  8 emperor scorpions
  11 draconian shifters
  A shard shrike simulacrum (Abyss:5)
  2 deep elf elementalists
  8 ghost moths
  2 curse skulls
  4 draconian stormcallers
  3 war gargoyles
  The ghost of Sin92 the Cleaver, a journeyman DsFi of Okawaru (Lair:6)
  15 stone giants
  20 quicksilver oozes
  10 reapers (Pan)
  21 ironbound preservers
  An ophan (Abyss:2)
  20 demonspawn blood saints (Pan)
  22 demonspawn corrupters
  4 broodmothers
  14 very ugly things
  2 elemental wellsprings (Shoals:3)
  8 deep elf demonologists
  12 black draconians
  6 entropy weavers
  3 vampire knights
  12 white draconians
  16 green draconians
  8 spark wasps
  7 deep elf annihilators
  9 ironbound thunderhulks
  22 lorocyprocas
  8 demonspawn black suns (Pan)
  10 red draconians
  2 halazid warlocks (Desolation)
  18 purple draconians
  An eidolon (Vaults:2)
  19 yellow draconians
  7 deep elf death magi
  9 merfolk javelineers
  13 blizzard demons
  12 ettins
  Snorg (Lair:3)
  A spriggan zombie (Abyss:5)
  8 deep elf high priests
  18 green deaths
  3 crystal guardians
  5 merfolk impalers
  11 yaktaur captains
  17 great orbs of eyes
  3 ragged hierophants (Desolation)
  A caustic shrike simulacrum (Abyss:3)
  3 jiangshi (Depths:1)
  41 vault guards
  A great orb of eyes (shapeshifter) (Depths:1)
  12 peacekeepers
  6 boulder beetles
  6 hell beasts (Pan)
  10 fire dragons
  3 rakshasas
  9 servants of whispers (Desolation)
  3 hydras (Lair:6)
  A spectral shadow dragon (Zot:5)
  A catoblepas (Lair:6)
  3 radroaches
  27 centaur warriors
  6 ice dragons
  5 ironbound frosthearts
  2 jorogumos
  2 merfolk avatars
  An alligator snapping turtle (Shoals:1)
  5 ogre magi
  5 spriggan air magi
  3 satyrs
  33 dancing weapons
  9 merfolk aquamancers
  2 spectral draconians (Zot:5)
  6 deep troll shamans
  13 two-headed ogres
  6 tengu warriors
  3 orc high priests
  A death yak (shapeshifter) (Vaults:3)
  6 vampire magi
  7 deep troll earth magi
  40 thrashing horrors
  59 sun demons (Pan)
  17 deep elf knights
  A spectral storm dragon (Zot:5)
  2 spriggans (Depths:1)
  3 spriggan berserkers
  65 soul eaters
  26 wretched stars
  3 fire crabs
  16 hell knights
  A spectral green draconian (Zot:5)
  A spectral yellow draconian (Zot:5)
  7 pharaoh ants
  A spectral purple draconian (Zot:5)
  A shadow wraith (Vaults:4)
  10 steelbarb worms
  55 deep trolls
  7 spatial maelstroms
  A death drake (Abyss:3)
  2 sun moths
  A sea snake (shapeshifter) (Depths:3)
  7 iron trolls
  4 skeletal warriors (D:15)
  12 sea snakes
  16 sixfirhies
  A spectral ghost moth (Zot:5)
  A quicksilver dragon simulacrum (Zot:5)
  29 shadow demons (Pan)
  2 deep trolls (shapeshifter)
  10 glowing orange brains
  An orange crystal statue (Depths:3)
  26 wizards
  5 flayed ghosts
  A swamp dragon (Abyss:3)
  A glowing orange brain (shapeshifter) (Depths:3)
  7 phantasmal warriors
  21 ironbound convokers
  9 orb spiders
  11 lindwurms
  12 deep elf archers
  52 ugly things
  9 orc knights
  A harpy (shapeshifter) (Depths:3)
  19 harpies
  26 deep elf zephyrmancers
  12 wolf spiders
  27 deep elf pyromancers
  7 orc sorcerers
  82 large abominations
  16 necromancers
  A will-o-the-wisp (Abyss:3)
  6 fauns
  26 manticores
  27 moths of wrath
  A salamander (Depths:4)
  2 human zombies (Vaults:4)
  A shining eye (shapeshifter) (Depths:3)
  7 worldbinders
  5 shining eyes
  A moth of wrath (shapeshifter) (Abyss:3)
  3 elephants (shapeshifter)
  16 cyclopes
  15 elephants
  7 merfolk sirens
  2 centaur zombies (D:10)
  7 apocalypse crabs
  7 black mambas
  2 guardian serpents (Desolation)
  6 torpor snails
  3 eyes of devastation
  5 rust devils
  An eye of devastation (shapeshifter) (Depths:3)
  9 water nymphs
  80 smoke demons
  6 gargoyles
  19 vault sentinels
  16 orange demons
  Maggie (D:9)
  12 cane toads
  3 molten gargoyles
  12 komodo dragons
  8 kobold demonologists
  34 demonic crawlers
  41 yaktaurs
  3 unseen horrors
  A dire elephant skeleton (Abyss:3)
  4 rime drakes
  Psyche (D:11)
  7 hellions (Pan)
  A yaktaur (shapeshifter) (Abyss:2)
  4 tormentors (Pan)
  4 freezing wraiths
  2 unseen horrors (shapeshifter)
  A bunyip simulacrum (Abyss:3)
  A komodo dragon (shapeshifter) (Depths:3)
  3 efreet
  4 tengu conjurers
  A human skeleton (Vaults:2)
  7 ice devils
  21 ancient zymes
  5 red devils
  18 hellwings
  2 queen bees (shapeshifter)
  A troll (shapeshifter) (Vaults:5)
  6 polar bears
  A merfolk (shapeshifter) (Depths:3)
  2 silent spectres
  A queen bee (Spider:1)
  9 trolls
  2 spectral moths of wrath (Zot:5)
  A harpy zombie (Abyss:3)
  A meliai (shapeshifter) (D:14)
  A polar bear (shapeshifter) (Depths:3)
  8 wind drakes
  19 meliai
  17 merfolk
  6 hornets
  90 slime creatures
  A tarantella (shapeshifter) (Depths:3)
  52 saltlings (Desolation)
  A snapping turtle (shapeshifter) (Vaults:5)
  28 tarantellas
  39 raiju
  11 dream sheep
  An ettin zombie (Vaults:2)
  33 blink frogs
  9 snapping turtles
  27 jumping spiders
  A vampire (D:11)
  A culicivora (shapeshifter) (Vaults:3)
  8 flying skulls
  A deep troll skeleton (Vaults:4)
  A centaur simulacrum (D:14)
  6 air elementals
  6 wraiths
  61 ynoxinuls
  23 culicivoras
  A spriggan (shapeshifter) (Depths:3)
  3 shadows
  96 starcursed masses
  A human (Depths:2)
  6 basilisks
  54 yaks
  8 wyverns
  4 fire elementals
  22 water elementals
  A golden eye (shapeshifter) (Depths:3)
  11 golden eyes
  2 steam dragons
  A human simulacrum (Vaults:2)
  A vampire mosquito (D:12)
  44 redbacks
  2 elf skeletons (Vaults:2)
  37 neqoxecs
  33 chaos spawn
  13 spatial vortices
  An acid dragon (shapeshifter) (Abyss:3)
  A naga zombie (Abyss:3)
  3 wargs
  An ogre zombie (Vaults:4)
  A red draconian simulacrum (Zot:5)
  13 hell hounds
  17 water moccasins
  A water moccasin (shapeshifter) (Abyss:2)
  A moth of wrath simulacrum (Zot:5)
  2 acid dragons
  2 floating eyes (shapeshifter)
  49 orc warriors
  A sky beast (shapeshifter) (Abyss:2)
  A sky beast (Abyss:3)
  A black bear (D:4)
  3 ice beasts
  40 small abominations
  8 ogres
  9 boggarts
  An ogre (shapeshifter) (Vaults:1)
  10 wolves
  6 centaurs
  A phantom (D:5)
  12 kobold brigands
  A wyvern zombie (D:6)
  14 bullfrogs
  6 gnoll sergeants
  A bullfrog (shapeshifter) (Depths:3)
  6 earth elementals
  2 scorpions
  A water moccasin skeleton (D:7)
  A wyvern skeleton (D:7)
  A hornet simulacrum (D:15)
  20 killer bees
  15 wights
  7 electric eels
  4 lava snakes (Lair:6)
  9 howler monkeys
  A bullfrog zombie (D:6)
  5 hounds
  2 jellies (Lair:5)
  2 quasits
  2 iron imps (Abyss:3)
  27 orc priests
  An iguana (D:6)
  28 orc wizards
  2 killer bee zombies
  A hound skeleton (D:4)
  18 gnolls
  9 adders
  2 shadow imps
  5 white imps
  7 ufetubi
  2 adder skeletons (D:4)
  An adder zombie (D:3)
  3 worms (D:2)
  A dart slug (shapeshifter) (Vaults:5)
  2 dart slugs
  96 orcs
  12 ball pythons
  12 endoplasms
  10 giant cockroaches
  10 goblins
  5 hobgoblins
  4 jackals (D:1)
  A quokka (shapeshifter) (Vaults:5)
  8 quokkas
  5 bats
  13 frilled lizards
  23 kobolds
  A quokka zombie (D:3)
  7 rats
  A ball lightning (Pan)
  A briar patch (Abyss:3)
  2 fire vortices (Pan)
  5 lurking horrors
  A pillar of salt (Elf:1)
  3 plants
  28 starspawn tentacles
3828 creatures vanquished.

Vanquished Creatures (collateral kills)
  A reaper (Pan)
  A stone giant (Vaults:5)
  A war gargoyle (Vaults:1)
  A yaktaur captain (Vaults:1)
4 creatures vanquished.

Vanquished Creatures (others)
  A pandemonium lord (Pan)
  An Ice Fiend (Pan)
  An eldritch tentacle (Depths:2)
  A draconian scorcher (Zot:5)
  A draconian shifter (Zot:4)
  A yaktaur captain (Vaults:5)
  A soul eater (Pan)
  A wizard (WizLab)
  An orc knight (Vaults:5)
  An ironbound convoker (Vaults:5)
  4 dream sheep (Shoals:1)
  A neqoxec (Pan)
  A howler monkey (D:12)
  An ufetubus (Pan)
  5 ball lightnings (Pan)
  5 bushes
  17 demonic plants
  30 fungi
  3 lurking horrors
  4 pillars of salt (Elf:1)
  94 plants
  49 starspawn tentacles
224 creatures vanquished.

Grand Total: 4056 creatures vanquished

Notes
Turn   | Place    | Note
-------+----------+-------------------------------------------
     0 | D:1      | MiltankisOP the Octopode Transmuter began the quest for the
                  | Orb.
     0 | D:1      | Reached XP level 1. HP: 13/13 MP: 3/3
   201 | D:1      | Reached skill level 1 in Poison Magic
   346 | D:1      | Reached XP level 2. HP: 18/18 MP: 3/5
   560 | D:1      | Reached XP level 3. HP: 19/23 MP: 6/6
   843 | D:1      | Learned a level 3 spell: Spider Form
  1254 | D:2      | Found a faded altar of an unknown god.
  1583 | D:2      | Reached XP level 4. HP: 18/28 MP: 5/7
  2356 | D:3      | Found a basalt altar of Yredelemnul.
  2498 | D:4      | Noticed an ogre
  2498 | D:4      | Noticed an ogre
  2961 | D:4      | Reached XP level 5. HP: 7/33 MP: 8/8
  3594 | D:4      | Noticed a black bear
  3610 | D:4      | Killed a black bear
  3611 | D:4      | Reached XP level 6. HP: 32/41 MP: 6/9
  3797 | D:4      | Reached XP level 7. HP: 45/46 MP: 7/10
  3820 | D:4      | Reached skill level 5 in Unarmed Combat
  4288 | D:5      | Entered Level 5 of the Dungeon
  4376 | D:5      | HP: 2/49 [poisoned by an adder]
  4697 | D:5      | Reached skill level 5 in Fighting
  4697 | D:5      | Reached XP level 8. HP: 24/55 MP: 9/11
  5235 | D:6      | Identified the +0 robe "Ducy" {-Cast rPois rN+ SInv}
  5541 | D:6      | Found a glowing drain.
  5568 | Sewer    | Entered a sewer
  6928 | D:6      | Found a hazy altar of Hepliaklqana.
  6928 | D:6      | Found a white marble altar of Elyvilon.
  7275 | D:6      | Found a staircase to the Ecumenical Temple.
  7281 | Temple   | Entered the Ecumenical Temple
  7368 | Temple   | Became a worshipper of Ashenzari the Shackled
  7694 | D:7      | Noticed a hornet
  7700 | D:7      | Paralysed by a hornet for 1 turns
  7702 | D:7      | Killed a hornet
  7703 | D:7      | Reached XP level 9. HP: 22/62 MP: 8/12
  8291 | D:7      | Reached skill level 5 in Dodging
  8384 | D:7      | Identified the +4 double sword of Ovyo {chaos, MP+9}
  8974 | D:8      | Found a flagged portal.
  8982 | Bailey   | Entered a bailey
  9141 | Bailey   | Noticed an orc knight
  9183 | Bailey   | Killed an orc knight
  9228 | Bailey   | Reached XP level 10. HP: 45/68 MP: 11/13
  9236 | Bailey   | Reached * piety under Ashenzari
  9485 | Bailey   | Found a large runed translucent door.
  9485 | Bailey   | Found a large runed translucent door.
  9486 | Bailey   | Noticed a deep elf zephyrmancer
  9533 | Bailey   | Killed a deep elf zephyrmancer
  9534 | Bailey   | Reached skill level 10 in Unarmed Combat
 10386 | D:9      | Noticed a two-headed ogre
 10418 | D:9      | Noticed Maggie
 10426 | D:9      | Killed Maggie
 11139 | D:9      | Found a staircase to the Orcish Mines.
 11678 | D:9      | Reached skill level 10 in Dodging
 12099 | D:10     | Entered Level 10 of the Dungeon
 12344 | D:10     | Noticed a gargoyle
 12358 | D:10     | Noticed a kobold demonologist
 12358 | D:10     | Noticed a kobold demonologist
 12370 | D:10     | Reached XP level 11. HP: 42/75 MP: 11/15
 13473 | D:10     | Reached ** piety under Ashenzari
 13888 | D:11     | Noticed a white ugly thing
 13906 | D:11     | Killed a white ugly thing
 14295 | D:11     | Reached skill level 1 in Ice Magic
 14366 | D:11     | Noticed a cyclops
 14384 | D:11     | Killed a cyclops
 14386 | D:11     | Noticed Psyche
 14687 | D:11     | Killed Psyche
 14913 | D:11     | Learned a level 3 spell: Ozocubu's Armour
 15074 | D:11     | Reached skill level 5 in Ice Magic
 15274 | D:11     | Found a staircase to the Lair.
 15405 | D:11     | Reached XP level 12. HP: 56/82 MP: 14/17
 15671 | D:11     | Noticed a boulder beetle
 15686 | D:11     | Killed a boulder beetle
 15780 | Lair:1   | Entered Level 1 of the Lair of Beasts
 16214 | Lair:1   | Reached skill level 5 in Spellcasting
 16433 | Lair:1   | Reached *** piety under Ashenzari
 17057 | Lair:2   | Identified the +1 ring mail of Satisfaction {rC- Str+6
                  | Int+6}
 18635 | Lair:3   | Reached XP level 13. HP: 90/90 MP: 22/25
 18912 | Lair:3   | Noticed Snorg
 19221 | Lair:3   | Found a staircase to the Shoals.
 19310 | Lair:3   | Killed Snorg
 19990 | Lair:4   | Found a hole to the Spider Nest.
 21033 | Lair:4   | Reached **** piety under Ashenzari
 21536 | Lair:5   | Reached XP level 14. HP: 85/99 MP: 21/27
 21595 | Lair:5   | Identified the +5 spear "Earthworm" {vorpal, rElec}
 21643 | Lair:5   | Reached skill level 5 in Transmutations
 22607 | Lair:5   | Found a staircase to the Slime Pits.
 22797 | Lair:6   | Entered Level 6 of the Lair of Beasts
 23108 | Lair:6   | Noticed an azure jelly
 23111 | Lair:6   | Found a runed translucent gate.
 23111 | Lair:6   | Found a runed translucent gate.
 23111 | Lair:6   | Found a viscous altar of Jiyva.
 23111 | Lair:6   | Found a runed translucent gate.
 23111 | Lair:6   | Noticed an azure jelly
 23111 | Lair:6   | Noticed an acid blob
 23111 | Lair:6   | Noticed an acid blob
 23111 | Lair:6   | Noticed Sin92's ghost (journeyman DsFi)
 23111 | Lair:6   | Noticed an azure jelly
 23111 | Lair:6   | Noticed a quicksilver ooze
 23111 | Lair:6   | Noticed an acid blob
 23111 | Lair:6   | Noticed an acid blob
 23111 | Lair:6   | Identified the amulet "Quzir" {Spirit Str+6}
 23673 | Lair:6   | Reached skill level 10 in Transmutations
 24080 | Lair:6   | Found a large runed translucent door.
 24083 | Lair:6   | Found a large runed translucent door.
 25444 | D:12     | Identified the +3 trident "Loopy" {vorpal, rF+++ Will++
                  | rCorr MP-9}
 25455 | D:12     | Reached XP level 15. HP: 95/105 MP: 25/28
 26681 | D:13     | Found Oxtunekumo's Magic Scroll Shoppe.
 26688 | D:13     | Bought a scroll of teleportation for 51 gold pieces
 26688 | D:13     | Bought a scroll of teleportation for 51 gold pieces
 27283 | D:13     | Found Tumuedydu's Armour Emporium.
 27559 | D:13     | Found Dehuck's Jewellery Emporium.
 27629 | D:13     | Bought the ring of Watuekozeh {rF+ rN+ AC+4 Int+2 Dex+2}
                  | for 688 gold pieces
 27675 | D:13     | Found Arpheute's Armour Shoppe.
 27687 | D:13     | Found Oxineq Lesk's Assorted Antiques.
 27899 | D:13     | Reached ***** piety under Ashenzari
 28153 | D:14     | Found Tyberat's Assorted Antiques.
 28306 | D:14     | Found a gate to the Vaults.
 28442 | D:14     | Found Dysin's Weapon Boutique.
 28458 | D:14     | Found Olomp's Weapon Shoppe.
 29587 | D:15     | Entered Level 15 of the Dungeon
 29593 | D:15     | Found Plog's Book Shoppe.
 29683 | D:15     | Reached skill level 15 in Transmutations
 29888 | D:15     | Found a staircase to the Depths.
 29913 | D:15     | Found an ornate altar of the Wu Jian Council.
 30060 | D:15     | Found Fukk's Armour Boutique.
 30134 | D:15     | Identified the +0 hand axe of Disintegration {elec, Will+
                  | Stlth+}
 30296 | D:15     | Reached skill level 15 in Dodging
 30402 | D:15     | Found Yleigrokli's Armour Shoppe.
 30889 | Orc:1    | Entered Level 1 of the Orcish Mines
 30996 | Orc:2    | Entered Level 2 of the Orcish Mines
 31124 | Orc:2    | Found a staircase to the Elven Halls.
 31274 | Orc:2    | Reached XP level 16. HP: 116/116 MP: 31/31
 31585 | Orc:1    | Found Serphex's Antique Weapon Shoppe.
 33244 | Orc:2    | Paralysed by an orc sorcerer for 7 turns
 34021 | Orc:2    | Found Ofierr's Antique Armour Emporium.
 34025 | Orc:2    | Found Goaniug's General Store.
 34026 | Orc:2    | Found Uvyizuj's Jewellery Shoppe.
 34027 | Orc:2    | Found Duenig's Antique Weapon Emporium.
 34266 | D:15     | Bought a book of Transfigurations for 640 gold pieces
 34272 | D:15     | Learned a level 5 spell: Irradiate
 34280 | D:15     | Learned a level 7 spell: Dragon Form
 34473 | Shoals:1 | Entered Level 1 of the Shoals
 34536 | Shoals:1 | Reached skill level 1 in Earth Magic
 34745 | Shoals:1 | Noticed Donald
 34754 | Shoals:1 | Killed Donald
 34870 | Shoals:1 | Noticed Nikola
 34882 | Shoals:1 | Killed Nikola
 35195 | Shoals:1 | Identified the +0 leather armour "Nuiwneg" {Harm rC- rN+++
                  | Int+4}
 35287 | Shoals:1 | Noticed Louise
 35312 | Shoals:1 | Killed Louise
 35639 | Shoals:2 | Found a transporter.
 35666 | Shoals:2 | Found a transporter.
 35723 | Shoals:2 | Found Ynurch's Weapon Shop.
 35957 | Shoals:2 | Found a transporter.
 35959 | Shoals:2 | Found a transporter.
 36124 | Shoals:2 | Found Cudagh's Antique Weapon Boutique.
 36141 | Shoals:2 | Found a transporter.
 36143 | Shoals:2 | Found a transporter.
 36687 | Shoals:3 | Reached skill level 10 in Fighting
 36954 | Shoals:3 | Reached XP level 17. HP: 134/134 MP: 33/33
 37798 | Shoals:4 | Entered Level 4 of the Shoals
 37968 | Shoals:4 | Noticed Mara
 38004 | Shoals:4 | Noticed MiltankisOP's illusion
 38006 | Shoals:4 | Killed Mara
 38028 | Shoals:4 | Noticed Ilsuiw
 38042 | Shoals:4 | Killed Ilsuiw
 38332 | Shoals:4 | Found the +7 lajatang of Order {silver, rMut}
 38839 | Shoals:4 | Got a barnacled rune of Zot
 39935 | Spider:1 | Entered Level 1 of the Spider Nest
 39970 | Spider:1 | Reached skill level 15 in Fighting
 40585 | Spider:1 | Reached skill level 1 in Throwing
 40595 | Spider:1 | Reached XP level 18. HP: 152/152 MP: 2/34
 40801 | Spider:1 | Reached skill level 5 in Throwing
 41449 | Spider:2 | Noticed Aizul
 41456 | Spider:2 | Killed Aizul
 42168 | Spider:3 | Identified the +8 trident of Might {holy, *Noise Str+2
                  | Dex+4}
 42172 | Spider:3 | Noticed Mlioglotl
 42174 | Spider:3 | Noticed Bai Suzhen
 42179 | Spider:3 | Killed Mlioglotl
 42192 | Spider:3 | Killed Bai Suzhen
 42842 | Spider:4 | Entered Level 4 of the Spider Nest
 42868 | Spider:4 | Gained mutation: Your magical capacity is low. (-10% MP)
                  | [mutagenic glow]
 43920 | Spider:4 | Reached XP level 19. HP: 158/158 MP: 31/31
 44077 | Spider:4 | Got a gossamer rune of Zot
 44732 | Lair:6   | Killed Sin92's ghost
 45198 | Lair:6   | Paralysed by a great orb of eyes for 3 turns
 45853 | Vaults:1 | Entered Level 1 of the Vaults
 46326 | Vaults:1 | Identified the +1 ring mail of the Vestibule of Hell
                  | {Int+3}
 47484 | Vaults:1 | Reached XP level 20. HP: 128/162 MP: 8/32
 47490 | Vaults:1 | Cast into level 2 of the Abyss (a deep elf sorcerer)
 47490 | Abyss:2  | Found a corrupted altar of Lugonu.
 47615 | Vaults:1 | Escaped the Abyss
 48066 | Vaults:2 | Found a staircase to the Crypt.
 48542 | Vaults:2 | Found Jotuno's Weapon Emporium.
 48563 | Vaults:2 | Noticed Frederick
 48568 | Vaults:2 | Killed Frederick
 48720 | Vaults:2 | Identified the +4 scale mail "Cithess" {Str+4}
 50946 | Vaults:3 | Reached XP level 21. HP: 168/168 MP: 33/33
 51747 | Vaults:3 | Identified the +1 short sword of Doom {flame, *Slow rElec
                  | rN+ MP+9}
 51760 | Vaults:3 | Found the +7 great mace "Firestarter" {inner flame, rF++}
 51760 | Vaults:3 | Identified the amulet of Kaoz {Acrobat +Inv}
 51909 | Vaults:3 | Identified the Tome of Necromancy and Battle Magic
 51910 | Vaults:3 | Identified the +8 hunting sling "Tuimn" {freeze, rN+ Dex+3}
 52061 | Vaults:3 | Noticed Xtahua
 52074 | Vaults:3 | Killed Xtahua
 52098 | Vaults:3 | Identified the ring "Cuiphigh" {MP+9 Int+5}
 52142 | Vaults:3 | Cast into level 2 of the Abyss (a wizard)
 52274 | Abyss:2  | Found a blossoming altar of Fedhas.
 52276 | Abyss:3  | Found a corrupted altar of Lugonu.
 52381 | Abyss:3  | Found a corrupted altar of Lugonu.
 52516 | Vaults:3 | Escaped the Abyss
 52903 | Vaults:4 | Found a magical portal.
 52912 | WizLab   | Entered Alistair's Party Mansion
 53257 | WizLab   | Reached skill level 10 in Ice Magic
 53356 | WizLab   | Identified the Tome of Mutagenic Envenoming
 53357 | WizLab   | Identified a scroll of acquirement
 53405 | WizLab   | Identified the Incunabulum of Bewitchment
 53405 | WizLab   | Identified Pamuif's Tome of Shifting Poisoning
 53901 | Vaults:4 | Reached skill level 1 in Translocations
 53903 | Vaults:4 | Noticed Mennas
 53920 | Vaults:4 | Killed Mennas
 54118 | Vaults:4 | Reached skill level 5 in Translocations
 54331 | Vaults:4 | Reached XP level 22. HP: 174/174 MP: 33/33
 54343 | Vaults:4 | Learned a level 5 spell: Manifold Assault
 55179 | Vaults:4 | Reached skill level 10 in Translocations
 56429 | Slime:1  | Entered Level 1 of the Pits of Slime
 57671 | Slime:3  | Gained mutation: You occasionally shout uncontrollably at
                  | your foes. [a shining eye]
 58187 | Slime:3  | Gained mutation: Your spells are a little easier to cast,
                  | but a little less powerful. [a shining eye]
 59336 | Slime:5  | Entered Level 5 of the Pits of Slime
 59389 | Slime:5  | Reached XP level 23. HP: 183/183 MP: 5/35
 59399 | Slime:5  | Found the +8 whip "Snakebite" {venom, curare, rPois}
 59785 | Slime:5  | Reached skill level 15 in Translocations
 59821 | Slime:5  | Noticed the Royal Jelly
 59926 | Slime:5  | Found a viscous altar of Jiyva.
 59930 | Slime:5  | Identified the +9 mace of Death {antimagic, rN+ Will+}
 59930 | Slime:5  | Identified the +5 buckler of Fedhas's Approval {Will+
                  | Int+5}
 59967 | Slime:5  | Identified the +3 ring mail "Zeghos" {Contam rCorr Int+3}
 59973 | Slime:5  | Killed the Royal Jelly
 60559 | Slime:5  | Got a slimy rune of Zot
 61248 | Elf:1    | Entered Level 1 of the Elven Halls
 61264 | Elf:1    | Reached skill level 1 in Bows
 61266 | Elf:1    | Paralysed by an air elemental for 1 turns
 61285 | Elf:1    | Found a radiant altar of Vehumet.
 61480 | Elf:1    | Found a crumbling gateway.
 61490 | Desolati | Entered the Desolation of Salt
 61506 | Desolati | Identified the ring "Boashane" {rElec rPois rC+ Int+5}
 61514 | Desolati | Found the +3 giant club "Skullcrusher" {speed, Str+7}
 61602 | Desolati | Identified the Catalogue of the Birds
 61736 | Desolati | Identified Sif Muna's Compendium of Dislocated Poison
 61793 | Desolati | Identified the ring "Rymenen" {Fly rCorr Slay+3}
 61823 | Desolati | Identified the +8 mace "Umi Sesk" {protect, Int+2}
 62408 | Desolati | Reached skill level 5 in Bows
 62432 | Desolati | Identified the Tome of Spatial Envenoming
 62433 | Desolati | Identified Sif Muna's Papyrus of Fetching Clay
 64270 | Elf:2    | Identified the Grimoire of Dhcmrlchtdj
 64285 | Elf:2    | Identified the Almanac of Sand
 64290 | Elf:2    | Identified Zoarali's Compendium of Axaxaxas mlö
 64326 | Elf:2    | Found Esa Cisk's Assorted Antiques.
 64356 | Elf:2    | Bought a runed wooden ring for 105 gold pieces
 64356 | Elf:2    | Bought a potion of heal wounds for 105 gold pieces
 64738 | Elf:2    | Found a huge runed translucent gate.
 64738 | Elf:2    | Found a huge runed translucent gate.
 64738 | Elf:2    | Found a huge runed translucent gate.
 64739 | Elf:2    | Found a huge runed translucent gate.
 64741 | Elf:2    | Found a huge runed translucent gate.
 64887 | Elf:2    | Reached XP level 24. HP: 187/187 MP: 32/37
 64906 | Elf:2    | Noticed Jorgrun
 64915 | Elf:2    | Killed Jorgrun
 65097 | Elf:2    | Acquired the ring "Coesontota" {rF+ rC+ rN+ Dex+2}
 65365 | Elf:3    | Entered Level 3 of the Elven Halls
 65367 | Elf:3    | Noticed Roxanne
 65388 | Elf:3    | Killed Roxanne
 65793 | Elf:3    | Reached skill level 10 in Spellcasting
 66383 | Elf:3    | Identified the Volume of the Unstable Volcanoes
 66432 | Elf:3    | Identified the +10 halberd of Zeemeofo {flame, SInv}
 66432 | Elf:3    | Found the +8 arc blade {discharge, rElec}
 66537 | Elf:3    | Identified the +9 war axe of Zitraqel {vorpal, rCorr}
 66562 | Elf:3    | Found Miczugho's Magic Scroll Emporium.
 66568 | Elf:3    | Bought a scroll of teleportation for 57 gold pieces
 66568 | Elf:3    | Bought a scroll of blinking for 142 gold pieces
 66568 | Elf:3    | Bought a scroll of blinking for 142 gold pieces
 67370 | Depths:1 | Entered Level 1 of the Depths
 67380 | Depths:1 | Found a gateway to Hell.
 67474 | Depths:1 | Identified the +0 whip "Potrunato" {pain, Fly rElec rC+
                  | Dex+4}
 67505 | Depths:1 | Identified the amulet "Uraylas" {Reflect rPois Str-2 Int-4
                  | Dex+10 SH+5}
 67506 | Depths:1 | Found a corrupted altar of Lugonu.
 67668 | Depths:1 | Found Dew Emir's Jewellery Shop.
 67673 | Depths:1 | Found Qiuckiss's Distillery.
 67673 | Depths:1 | Found Tiryr's Antique Weapon Boutique.
 67756 | Depths:1 | Found Buubiali's Armour Boutique.
 67817 | Depths:1 | Found a transporter.
 67821 | Depths:1 | Found a transporter.
 68128 | Depths:1 | Identified the +7 rapier of Wuethruh {vorpal, *Rage Drain
                  | Will++ rCorr}
 68424 | Depths:1 | Found a corrupted altar of Lugonu.
 68425 | Depths:1 | Found a one-way gate to the infinite horrors of the Abyss.
 68972 | Depths:2 | Found a huge runed gate.
 68972 | Depths:2 | Found a huge runed gate.
 68972 | Depths:2 | Found a huge runed gate.
 68972 | Depths:2 | Found a huge runed gate.
 68972 | Depths:2 | Found a huge runed gate.
 68972 | Depths:2 | Found a huge runed gate.
 68972 | Depths:2 | Found a huge runed gate.
 68972 | Depths:2 | Found a huge runed gate.
 68972 | Depths:2 | Found a huge runed gate.
 68973 | Depths:2 | Found a huge runed gate.
 68974 | Depths:2 | Found a huge runed gate.
 68975 | Depths:2 | Found a huge runed gate.
 68983 | Depths:2 | Found a huge runed gate.
 69039 | Depths:2 | Identified the +9 mace "Miopuw" {pain, rPois}
 69102 | Depths:2 | Found a sparkling altar of Nemelex Xobeh.
 69832 | Depths:2 | Found a one-way gate leading to the halls of Pandemonium.
 69960 | Depths:2 | Found a huge runed gate.
 69960 | Depths:2 | Found a huge runed gate.
 69960 | Depths:2 | Found a huge runed gate.
 69960 | Depths:2 | Found a huge runed gate.
 69978 | Depths:2 | Found a huge runed gate.
 70034 | Depths:2 | Reached XP level 25. HP: 191/191 MP: 39/39
 70080 | Depths:2 | Noticed a dread lich
 70084 | Depths:2 | Identified the ring "Selui" {Int+4 Dex+6}
 70089 | Depths:2 | Found a runed door.
 70090 | Depths:2 | Identified the +2 kite shield of Leapfrog {rF+ Dex+7}
 70159 | Depths:2 | Identified the ring "Sicweb" {rC+++ rN+ Str+8 Dex-4 Stlth-}
 70205 | Depths:2 | Cast into level 2 of the Abyss (a deep elf sorcerer)
 70219 | Abyss:3  | Found a corrupted altar of Lugonu.
 70613 | Depths:2 | Escaped the Abyss
 70670 | Depths:2 | Killed a dread lich
 70673 | Depths:2 | Identified the +3 hunting sling of Gesm {venom, +Blink
                  | rPois Str+2}
 70944 | Depths:2 | Found a huge runed gate.
 70948 | Depths:2 | Found a huge runed gate.
 70948 | Depths:2 | Found a huge runed gate.
 70954 | Depths:2 | Found a huge runed gate.
 70956 | Depths:2 | Found a huge runed gate.
 70956 | Depths:2 | Found a huge runed gate.
 70956 | Depths:2 | Found a huge runed gate.
 70956 | Depths:2 | Found a huge runed gate.
 70956 | Depths:2 | Found a huge runed gate.
 70956 | Depths:2 | Found a huge runed gate.
 70957 | Depths:2 | Found a huge runed gate.
 70958 | Depths:2 | Found a huge runed gate.
 70964 | Depths:2 | Noticed Uraxtalo's ghost (adept MiBe)
 70971 | Depths:2 | Noticed quixfox's ghost (adept HOFi)
 70971 | Depths:2 | Noticed Nionut's ghost (adept DsAK)
 70971 | Depths:2 | Noticed Hiciz's ghost (adept DgCj)
 70971 | Depths:2 | Noticed Uraxtalo's ghost (adept MiBe)
 70972 | Depths:2 | Noticed Tylulut's ghost (master DjIE)
 70972 | Depths:2 | Noticed Ewiqu's ghost (adept MiBe)
 70979 | Depths:2 | Paralysed by a sphinx for 3 turns
 70997 | Depths:2 | Killed Uraxtalo's ghost
 71006 | Depths:2 | Killed Tylulut's ghost
 71014 | Depths:2 | Killed quixfox's ghost
 71017 | Depths:2 | Killed Nionut's ghost
 71021 | Depths:2 | Killed Ewiqu's ghost
 71034 | Depths:2 | Killed Hiciz's ghost
 71035 | Depths:2 | Killed Uraxtalo's ghost
 71927 | Depths:3 | Reached skill level 1 in Summonings
 71932 | Depths:3 | Reached skill level 2 in Summonings
 72152 | Depths:3 | Reached skill level 3 in Summonings
 72271 | Depths:3 | Reached skill level 4 in Summonings
 72550 | Depths:3 | Reached skill level 5 in Summonings
 72565 | Depths:3 | Reached skill level 6 in Summonings
 72692 | Depths:3 | Acquired 687 gold pieces
 72833 | Depths:3 | Reached skill level 7 in Summonings
 73047 | Depths:3 | Identified the +4 scale mail "Earthly Heaven" {Contam rElec
                  | rPois Will+++}
 73047 | Depths:3 | Identified the ring of Creativity {rN+ Str-4 Int+3 Dex+2
                  | Slay+4}
 73247 | Depths:3 | Identified the +11 trident of Impermanence {vorpal, *Noise
                  | +Blink rN+}
 73403 | Depths:4 | Entered Level 4 of the Depths
 73407 | Depths:4 | Found Ixtabaemyp's Jewellery Boutique.
 73409 | Depths:4 | Found Ejusac's Book Emporium.
 73411 | Depths:4 | Found Voczadghe's Jewellery Boutique.
 73529 | Depths:4 | Reached skill level 8 in Summonings
 73548 | Depths:4 | Found a gate to the Realm of Zot.
 73572 | Depths:4 | Found a glowing silver altar of Zin.
 73652 | Depths:4 | Reached skill level 9 in Summonings
 73673 | Depths:4 | Reached XP level 26. HP: 147/201 MP: 2/40
 73708 | Depths:4 | Reached skill level 10 in Summonings
 73723 | Depths:4 | Found a flickering gateway to a bazaar.
 73732 | Bazaar   | Entered a bazaar
 73961 | Bazaar   | Found Qoolarus's Antique Weapon Emporium.
 73973 | Bazaar   | Found Rapliteosa's General Store.
 73980 | Bazaar   | Found Piaps's Weapon Shoppe.
 73989 | Bazaar   | Found Nuqelipt's Book Emporium.
 74210 | Depths:4 | Found an iron altar of Okawaru.
 74212 | Depths:4 | Found a one-way gateway to a ziggurat.
 74212 | Depths:4 | Noticed an ancient lich
 74225 | Depths:4 | Killed an ancient lich
 74830 | Depths:4 | Reached skill level 11 in Summonings
 74967 | Depths:3 | Voluntarily entered the Abyss.
 75080 | Abyss:2  | Gained mutation: You are weak. (Str -2) [a neqoxec]
 75101 | Depths:3 | Escaped the Abyss
 75307 | Depths:3 | Voluntarily entered the Abyss.
 75484 | Abyss:5  | Entered Level 5 of the Abyss
 75695 | Abyss:5  | Noticed an ancient lich
 75702 | Abyss:5  | Killed an ancient lich
 76227 | Depths:3 | Escaped the Abyss
 76638 | Depths:3 | Voluntarily entered the Abyss.
 76748 | Abyss:1  | Found a corrupted altar of Lugonu.
 77222 | Abyss:3  | Gained mutation: You are very weak. (Str -4) [a neqoxec]
 77228 | Abyss:3  | Gained mutation: Your body sometimes deteriorates upon
                  | taking damage. [a neqoxec]
 77925 | Depths:3 | Escaped the Abyss
 78268 | Depths:3 | Voluntarily entered the Abyss.
 78500 | Abyss:2  | Gained mutation: You frequently scream uncontrollably at
                  | your foes. [a neqoxec]
 78849 | Abyss:3  | Paralysed by accursed screaming for 1 turns
 78890 | Abyss:3  | Paralysed by accursed screaming for 1 turns
 78921 | Abyss:3  | Reached skill level 13 in Summonings
 78921 | Abyss:3  | Reached XP level 27. HP: 32/204 MP: 13/31
 78921 | Abyss:3  | Got an abyssal rune of Zot
 78954 | Depths:3 | Escaped the Abyss
 79457 | Zot:1    | Entered Level 1 of the Realm of Zot
 79694 | Zot:1    | Reached skill level 14 in Summonings
 80544 | Zot:1    | Learned a level 7 spell: Summon Hydra
 81344 | Zot:2    | Identified the +2 buckler of the Lich-sworn {rF- rC+++
                  | Dex+5}
 81358 | Zot:2    | Reached skill level 15 in Summonings
 81890 | Zot:2    | Identified Sif Muna's Guide on Shape Shifting and Arcane
                  | Weapons
 81923 | Zot:2    | Reached skill level 16 in Summonings
 82874 | Zot:3    | Reached skill level 17 in Summonings
 84099 | Zot:4    | Reached skill level 18 in Summonings
 86065 | Zot:4    | Noticed a dread lich
 86069 | Zot:4    | Killed a dread lich
 86419 | Zot:5    | Entered Level 5 of the Realm of Zot
 86904 | Zot:5    | Found a runed translucent gate.
 87127 | Zot:5    | Noticed roke1's ghost (master GrBe)
 87130 | Zot:5    | Found a runed translucent gate.
 87130 | Zot:5    | Found a runed translucent gate.
 87131 | Zot:5    | Noticed a dread lich
 87139 | Zot:5    | Killed a dread lich
 87150 | Zot:5    | Killed roke1's ghost
 87563 | Zot:5    | Noticed an ancient lich
 87568 | Zot:5    | Killed an ancient lich
 87575 | Zot:5    | Noticed an orb of fire
 87586 | Zot:5    | Noticed an orb of fire
 87593 | Zot:5    | Noticed an orb of fire
 87597 | Zot:5    | Gained mutation: You tend to lose your temper in combat.
                  | [an orb of fire]
 87601 | Zot:5    | Gained mutation: You are clumsy. (Dex -2) [an orb of fire]
 87603 | Zot:5    | Killed an orb of fire
 87648 | Zot:5    | Gained mutation: You do not regenerate when monsters are
                  | visible. [an orb of fire]
 87650 | Zot:5    | Gained mutation: Your magical capacity is very low. (-20%
                  | MP) [an orb of fire]
 87654 | Zot:5    | Gained mutation: Your magical capacity is extremely low.
                  | (-30% MP) [an orb of fire]
 87656 | Zot:5    | Killed an orb of fire
 87657 | Zot:5    | Killed an orb of fire
 88160 | Zot:5    | Noticed an orb of fire
 88164 | Zot:5    | Noticed a dread lich
 88182 | Zot:5    | Killed an orb of fire
 88184 | Zot:5    | Killed a dread lich
 88187 | Zot:5    | Noticed an ancient lich
 88212 | Zot:5    | Killed an ancient lich
 89036 | D:14     | Reached skill level 1 in Stealth
 89273 | Vaults:5 | Entered Level 5 of the Vaults
 89284 | Vaults:5 | Reached skill level 5 in Stealth
 89290 | Vaults:5 | Reached skill level 15 in Unarmed Combat
 89291 | Vaults:5 | Noticed an ancient lich
 89300 | Vaults:5 | Killed an ancient lich
 89332 | Vaults:4 | Reached skill level 10 in Stealth
 90075 | Vaults:5 | Identified the +7 battleaxe of the Skies Above {flame,
                  | rElec rC- Stlth+}
 90902 | Vaults:5 | Identified the ring of the Everdark {Fly rCorr AC+4 Int+2
                  | SInv}
 90903 | Vaults:5 | Identified the +9 quarterstaff "Demon's Curse" {speed,
                  | *Slow rPois rCorr Dex+7 SInv}
 90908 | Vaults:5 | Reached skill level 15 in Stealth
 91169 | Vaults:5 | Identified the ring "Ubosuqim" {rC+ rN+ Int+6 Dex+3 Slay-3}
 91762 | Vaults:5 | Identified the ring of the Destroying Fool {Wiz rElec Will+
                  | rCorr}
 91885 | Vaults:5 | Got a silver rune of Zot
 91925 | Vaults:5 | Identified the +1 leather armour "Fihiaqy" {Contam Fly
                  | Dex+8}
 92033 | Vaults:5 | Identified the Grimoire of Weightlessness
 92999 | Pan      | Entered Pandemonium
 93046 | Pan      | Acquired 725 gold pieces
 93490 | Pan      | Noticed Tytavvul the pandemonium lord
 93499 | Pan      | Killed Tytavvul the pandemonium lord
 93778 | Pan      | Reached skill level 19 in Summonings
 94685 | Pan      | Noticed Nuwneschigg the pandemonium lord
 94714 | Pan      | Killed Nuwneschigg the pandemonium lord
 94722 | Pan      | Identified the +3 lajatang of Perfectionism {vorpal, rPois
                  | rF+++ Int-4 Dex-2}
 94852 | Pan      | Reached skill level 20 in Summonings
 95735 | Pan      | Noticed Sikif the pandemonium lord
 95968 | Pan      | Gained mutation: You are frail. (-10% HP) [a neqoxec]
 96128 | Pan      | Reached skill level 21 in Summonings
 96905 | Pan      | Gained mutation: Your spells are easier to cast, but less
                  | powerful. [a neqoxec]
 97181 | Pan      | Identified the +9 hand axe of Moral Flaws {antimagic,
                  | Str+3}
 97699 | Pan      | Reached skill level 22 in Summonings
 97805 | Pan      | Got a demonic rune of Zot
 98262 | Pan      | Killed Sikif the pandemonium lord
 99157 | Pan      | Reached skill level 23 in Summonings
 99219 | Pan      | Gained mutation: You are very frail. (-20% HP) [a
                  | cacodemon]
 99487 | Pan      | Gained mutation: You sometimes lose the ability to read
                  | scrolls when taking damage. [a neqoxec]
 99641 | Pan      | Gained mutation: Potions are less effective at restoring
                  | your health. [a neqoxec]
 99642 | Pan      | Lost mutation: Your spells are easier to cast, but less
                  | powerful. [a neqoxec]
 99645 | Pan      | Lost mutation: You are very frail. (-20% HP) [a neqoxec]
100282 | Pan      | Noticed Edod the pandemonium lord
100304 | Pan      | Killed Edod the pandemonium lord
100307 | Pan      | Gained mutation: Potions cannot restore your health. [a
                  | cacodemon]
100629 | Pan      | Learned a level 9 spell: Dragon's Call
100637 | Pan      | Learned a level 7 spell: Ozocubu's Refrigeration
100643 | Pan      | Learned a level 5 spell: Freezing Cloud
100939 | Pan      | Gained mutation: You are very clumsy. (Dex -4) [a neqoxec]
101258 | Pan      | Reached skill level 24 in Summonings
101823 | Pan      | Noticed Baephus the pandemonium lord
101832 | Pan      | Killed Baephus the pandemonium lord
102855 | Pan      | Gained mutation: You have hidden genetic defects. [a
                  | cacodemon]
102857 | Pan      | Gained mutation: Your body often deteriorates upon taking
                  | damage. [a cacodemon]
102882 | Pan      | Noticed Qinioh the pandemonium lord
102895 | Pan      | Killed Qinioh the pandemonium lord
104210 | Pan      | Gained mutation: You are very frail. (-20% HP) [hidden
                  | defects]
104558 | Pan      | Noticed Ziergh the pandemonium lord
104570 | Pan      | Killed Ziergh the pandemonium lord
105106 | Pan      | Gained mutation: You are dopey. (Int -2) [hidden defects]
105106 | Pan      | Lost mutation: You have hidden genetic defects. [hidden
                  | defects expressed]
105690 | Pan      | Noticed Oleezoff the pandemonium lord
105698 | Pan      | Killed Oleezoff the pandemonium lord
106397 | Pan      | Found an exit through the horrors of the Abyss.
106419 | Pan      | Noticed Plog the pandemonium lord
106425 | Pan      | Killed Plog the pandemonium lord
107117 | Pan      | Gained mutation: Your spells are easier to cast, but less
                  | powerful. [a cacodemon]
107394 | Pan      | Entered the realm of Gloorx Vloq.
107435 | Pan      | Noticed Gloorx Vloq
107450 | Pan      | Slain by an Executioner

Illustrated notes

Levels and vault maps discovered:
D:1:      nicolae_arrival_memento_mori, layout_loops_ring, amethyst_killhole
D:2:      layout_loops_cross, shapermc_ecumenical_altar_ellora,
          minmay_misc_feat_more_columns, nicolae_wormholes
D:3:      layout_rooms, lemuel_zombie_altar_yredelemnul
D:4:      layout_rooms
D:5:      layout_rooms
D:6:      layout_loops_ring, chequers_temple_overflow_statue_of_worship,
          minmay_temple_entry_fiery, portal_sewer_entry_a
D:7:      layout_loops_ring
D:8:      layout_rooms, enter_bailey_2, roderic_filled_cross,
          kennysheep_generic_room_8
D:9:      layout_basic, kennysheep_orc_monster_closet_entryway, uniq_maggie
D:10:     layout_roguey
D:11:     layout_loops_cross, erik_lair_island, uniq_psyche
D:12:     minmay_the_grid_triangle_9x9_rhombus_full_mashed
          [minmay_the_grid_triangle_9x9_limited_checkers,
          minmay_the_grid_triangle_9x9_checkered,
          minmay_the_grid_triangle_9x9_cache,
          minmay_the_grid_triangle_9x9_minimal,
          minmay_the_grid_triangle_9x9_semitri,
          minmay_the_grid_triangle_9x9_corruption,
          minmay_the_grid_triangle_9x9_negative_grid,
          minmay_the_grid_triangle_9x9_prize_schism], layout_basic
D:13:     layout_basic, serial_shops, shop, shop, shop, nicolae_square_shop,
          nicolae_shop_crystal, nicolae_splish_splash
D:14:     layout_loops_ring, skrybe_vaults_entry_preservation, serial_shops,
          shop, shop, nicolae_take_the_stairs
D:15:     grunt_enter_depths_hoard, layout_rooms,
          pdpol_wu_jian_five_deadly_venoms, serial_shops, shop, shop,
          nicolae_inconvenience_store, hex_large
Temple:   mainiacjoe_temple_bowtie_tessellation
Lair:1:   layout_loops_ring, gauntlet_entry_generic, grunt_megastairs_3
Lair:2:   layout_gridlike
Lair:3:   layout_layer_cave, minmay_shoals_entry_beasts, grunt_megastairs_4,
          uniq_snorg
Lair:4:   layout_cellular_growth, hellmonk_spider_entry_not_the_bees,
          cheibrodos_lair_lostbears, grunt_megastairs_5
Lair:5:   layout_cave_pods, nicolae_slime_entry_slimehenge
Lair:6:   cheibrodos_lair_end_hotspot, layout_regular_city, gammafunk_ghost_ooze
Shoals:1: layout_shoals, uniq_louise, uniq_donald, uniq_nikola
Shoals:2: layout_shoals, serial_shops, nicolae_square_shop, shop,
          serial_nicolae_subway, nicolae_sub_station_stone,
          nicolae_sub_station_crystal, nicolae_sub_station_metal
Shoals:3: layout_shoals, nicolae_shoals_spring_well_temple
Shoals:4: shoals_end_simple, layout_shoals, shoals_ilsuiw_ice, uniq_mara
Spider:1: layout_spider_delve, special_room [special_room_bee],
          nicolae_spider_checkerboard
Spider:2: layout_spider_delve, uniq_aizul
Spider:3: layout_spider_delve, uniq_mlioglotl, uniq_bai_suzhen
Spider:4: grunt_spider_rune_circles, nicolae_crawler_farm
Slime:1:  layout_caves
Slime:2:  cheibrodos_slime_lost_civilization_8, layout_caves,
          cheibrodos_slime_lost_civilization_4
Slime:3:  layout_caves, cheibrodos_slime_lost_civilization_7
Slime:4:  layout_caves
Slime:5
Orc:1:    layout_caves, serial_shops, nicolae_shop_statue_plus,
          portal_ice_cave_demonic_guard, david_defended_altar_orc
Orc:2:    st_orc_congregation, layout_diamond_mine, basic_altar
Elf:1:    eino_elf_arrival_altar, layout_onion_city,
          portal_desolation_entry_garden, minivault_28
Elf:2:    elven_hall_of_blades_hangedman_alternative
          [nicolae_blade_entry_hurt_lockers], layout_geoelf_octagon,
          serial_shops, nicolae_shop_stone, minivault_25_ag,
          bh_hangedman_babel_library, uniq_jorgrun
Elf:3:    grunt_elf_hall_branching, layout_geoelf_diagonals, serial_shops, shop,
          serial_co_window_serial, co_window_paths_b, co_window_corner_a,
          co_window_corner_a, co_window_paths_a, co_window_paths_b,
          co_window_paths_b, co_window_paths_b, co_window_corner_b,
          co_window_2corner, co_window_corner_ca, co_window_unsneaky_path_a,
          co_window_of_opportunity_b, co_window_4corner_a, glass_columns_a,
          glass_columns_a, glass_columns_c, glass_columns_c, uniq_roxanne
Vaults:1: nicolae_vaults_sealed_display, v_misc_29, hangedman_vaults_snaps,
          hangedman_vaults_nodes, v_misc_11, v_misc_27, vaults_dpeg_spiral,
          nicolae_vaults_little_squares_3, ontoclasm_vaults_bender,
          st_quartered_hall, nicolae_vaults_ring_of_whatevers, v_alt_pattern_1,
          ontoclasm_vaults_ligature, nicolae_vaults_ring_of_whatevers,
          layout_vaults_maze_bifur
Vaults:2: v_misc_4, grunt_vaults_swirl, v_misc_8, vaults_mumra_chevron,
          vaults_room_grid, ontoclasm_vaults_chip, v_pattern_4,
          hangedman_vaults_nails, layout_vaults_omnigrid,
          minmay_crypt_entry_simple_statues, serial_shops,
          nicolae_shop_advertising_works [nicolae_subvault_shop_adworks],
          uniq_frederick
Vaults:3: v_misc_26, vaults_room_stairs_pillars,
          nicolae_vaults_network_periphery, st_greater_box_4,
          vaults_room_corners, v_misc_24, hangedman_vaults_unwind,
          nicolae_vaults_circle_grid_b, vaults_room_door_ring, v_alt_pattern_3,
          ontoclasm_vaults_decontamination, vaults_room_hallway,
          nicolae_vaults_mini_display_case, nicolae_vaults_three_branches,
          nicolae_vaults_little_squares_6, layout_vaults_omnibox, uniq_xtahua
Vaults:4: mu_enter_wizlab_4, nicolae_vaults_little_squares_3, v_rooms_6,
          hangedman_vaults_variations, v_pattern_5, vaults_mumra_hex,
          nicolae_vaults_diagonal_hallway_6, nicolae_vaults_network_square,
          v_misc_4, v_misc_8, nicolae_vaults_quartermaster, vaults_room_pools,
          layout_vaults_omnicross, uniq_mennas
Vaults:5
Depths:1: gammafunk_corrupted_shrine, layout_honeycomb, abyss_entry_flame_altar,
          hell_entry, serial_bayou_pond_a, kennysheep_generic_room_9,
          minmay_shoptagon
Depths:2: evilmike_wizard_prison, layout_gridlike, abyss_entry,
          lightli_too_deep, nemelex_spade_bored_becter,
          gammafunk_ghost_door_vault, rand_demon_pan_entry_7, grunt_ministairs_3
Depths:3: vault_1, layout_cave_pools, pf_coc_iceberg, abyss_entry
Depths:4: grunt_crosshair, layout_basic, enter_ziggurat_c,
          pf_dread_powers_of_hell, okawaru_ov_weapons_minmay, serial_shops,
          bzr_entry_islet, zin_academy, minmay_shop_grove
Zot:1:    layout_concentric_octagons
Zot:2:    layout_basic
Zot:3:    kennysheep_room_grid, layout_gridlike
Zot:4:    layout_misc_corridors, lemuel_lich_library
Zot:5:    layout_basic, gammafunk_ghost_necromancy,
          hangedman_zot_decor_unnerving_road, skrybe_zot_glass_3
Pan:      evilmike_mini_pan_other_thingy, layout_basic,
          nicolae_pan_lom_lobonic_4, rand_demon_4, layout_long_grid,
          pan_disco_hall, layout_cellular_growth, pan_blood_fountain_small,
          grunt_pan_zigzag, layout_gridlike, reaverb_pan_figure_eight,
          nicolae_pan_sigil_itan, nicolae_pan_mnolegish_3,
          evilmike_mini_pan_corridor, layout_gridlike,
          evilmike_mini_pan_pillars_b, layout_rooms, evilmike_mini_pan_diamond,
          layout_grid_shapes, nicolae_pan_cerebovesque_2,
          nicolae_pan_sigil_uleosi, evilmike_mini_pan_V, layout_pan_divisions_a
          [pan_division_quadrant_a2, pan_division_quadrant_a4,
          pan_division_quadrant_a5, pan_division_quadrant_a3,
          pan_division_octagon_empty], nicolae_pan_hourglass, layout_gridlike,
          reaverb_pan_chaos_star, rand_demon_1, layout_pan_divisions_b
          [pan_division_quadrant_b3, pan_division_quadrant_b6,
          pan_division_quadrant_b4, pan_division_quadrant_b3], gloorx_vloq_st,
          layout_grid_shapes, pan_blood_fountain

Skill      XL: |  1  2  3  4  5  6  7  8  9 10 11 12 13 14 15 16 17 18 19 20 21 22 23 24 25 26 27 |
---------------+----------------------------------------------------------------------------------+-----
Poison Magic   | 1 2 3 4 |  4.0
Transmutations | 3 4 12 15 17 18 | 18.7
Fighting       | 2 3 5 6 10 15 22 | 22.0
Unarmed Combat | 4 5 8 9 11 13 14 23 | 23.0
Dodging        | 4 6 10 14 15 16 19 22 23 | 23.6
Ice Magic      | 6 7 10 | 10.5
Spellcasting   | 5 7 11 | 11.7
Earth Magic    | 4 |  4.7
Throwing       | 2 7 |  7.9
Translocations | 6 14 16 20 22 | 22.6
Bows           | 6 |  6.6
Summonings     | 9 13 24 | 24.0
Stealth        | 18 | 18.9

Action                   |  1- 3 |  4- 6 |  7- 9 | 10-12 | 13-15 | 16-18 | 19-21 | 22-24 | 25-27 || total
-------------------------+-------+-------+-------+-------+-------+-------+-------+-------+-------++-------
Melee: Unarmed           |    75 |   113 |   383 |   656 |  1241 |  1027 |   781 |  1123 |  4127 ||  9526
       Kick              |    19 |    11 |     2 |     5 |     3 |       |       |       |       ||    40
       Constrict         |    20 |    14 |     4 |     6 |     3 |     7 |     8 |     5 |    54 ||   121
       Tentacles         |    12 |    10 |     4 |     6 |     7 |     8 |    11 |     6 |   134 ||   198
       Punch             |     3 |     3 |     1 |     3 |     3 |    87 |    84 |    74 |   485 ||   743
       Trident           |       |       |       |       |     2 |       |       |       |       ||     2
       Tailslap          |       |       |       |       |       |   109 |   127 |   105 |   536 ||   877
       Bite              |       |       |       |       |       |    87 |   107 |    76 |   395 ||   665
Throw: Boomerang         |       |       |    81 |     1 |       |       |       |       |       ||    82
       Javelin           |       |       |       |       |       |       |       |       |     4 ||     4
 Cast: Beastly Appendage |    21 |    10 |     3 |     2 |     3 |     1 |       |       |       ||    40
       Spider Form       |     1 |     7 |    53 |    87 |    98 |    22 |     5 |       |     2 ||   275
       Ozocubu's Armour  |       |       |       |       |     3 |     1 |     4 |       |       ||     8
       Dragon Form       |       |       |       |       |       |    62 |    70 |    91 |   268 ||   491
       Irradiate         |       |       |       |       |       |    16 |     3 |       |     1 ||    20
       Manifold Assault  |       |       |       |       |       |       |       |   213 |   494 ||   707
       Summon Hydra      |       |       |       |       |       |       |       |       |     8 ||     8
       Dragon's Call     |       |       |       |       |       |       |       |       |     2 ||     2
Invok: Curse Item        |       |       |     1 |     5 |     3 |     1 |       |     2 |     5 ||    17
       Shatter the Chain |       |       |       |       |       |     1 |     1 |     2 |     3 ||     7
 Abil: End Transformatio |       |       |     1 |       |       |     3 |     1 |       |     1 ||     6
       Breathe Fire      |       |       |       |       |       |    16 |     7 |     2 |     4 ||    29
Evoke: Wand              |       |       |     3 |     6 |     7 |     7 |       |     2 |     1 ||    26
  Use: Scroll            |       |       |     7 |       |     1 |       |     3 |     3 |    12 ||    26
       Potion            |       |       |     3 |     2 |     1 |       |     4 |     2 |    23 ||    35
 Stab: Sleeping          |     8 |       |     3 |     2 |     2 |       |       |     4 |     2 ||    21
       Distracted        |       |       |       |       |     1 |     1 |     2 |     1 |    28 ||    33
       Confused          |       |       |       |       |       |       |     1 |       |     2 ||     3
       Paralysed         |       |       |       |       |       |       |       |       |     1 ||     1
Armor: Skin              |     1 |     4 |    17 |    11 |    53 |   245 |   206 |   142 |   526 ||  1205
Dodge: Dodged            |    38 |   108 |   396 |   553 |  1389 |  1474 |   894 |   646 |  3121 ||  8619
Block: Buckler           |       |       |       |       |       |       |       |     6 |   208 ||   214
       Other             |       |       |       |       |       |       |       |       |   410 ||   410
       Reflection        |       |       |       |       |       |       |       |       |    19 ||    19
